 Dungeon Crawl Stone Soup version 0.30-a0-967-g9b59a09336 (webtiles) character file.

Game seed: 10570753874911636411

864 Jannitor the Cutter (level 8, -1/58 HPs)
             Began as a Djinni Chaos Knight on Mar 31, 2023.
             Was a Plaything of Xom.
             Slain by an iron imp (5 damage)
             ... summoned by Xom
             ... on level 5 of the Dungeon.
             The game lasted 00:06:40 (3637 turns).

Jannitor the Cutter (Djinni Chaos Knight)           Turns: 3637, Time: 00:06:41

Health: -1/58      AC:  6    Str: 11      XL:     8   Next: 23%
Gold:   185        EV: 13    Int: 15      God:    Xom [*.....] SH:  0 Dex: 18 (20)

rFire   + + .      SeeInvis .    e - +3 dagger (drain)
rCold   x . .      Faith    .    (no shield)
rNeg    . . .      Spirit   .    b - +3 leather armour
rPois   ∞          Reflect  .    (no helmet)
rElec   .          Rampage  .    (no cloak)
rCorr   .                        (no gloves)
Will    .....                    (boots unavailable)
Stlth   ++                       (no amulet)
HPRegen 0.29/turn                i - +6 ring of dexterity
MPRegen 0.00/turn                (no ring)

@: attractive, flying
A: sickness immunity, fire resistance 2, cold vulnerability 1, float, innate
caster, HP casting, extra vitality 1
a: Renounce Religion


You were on level 5 of the Dungeon.
You worshipped Xom.
You were a special plaything of Xom.
You visited 1 branch of the dungeon, and saw 5 of its levels.

You collected 185 gold pieces.

Inventory:

Hand Weapons
 a - a +0 short sword of chaos
 e - a +3 dagger of draining (weapon)
 k - a +0 spectral dagger
Armour
 b - a +3 leather armour (worn)
Jewellery
 i - a +6 ring of dexterity (left hand)
Scrolls
 d - a scroll of amnesia
 f - 2 scrolls of teleportation
 h - 4 scrolls of identify
 m - 2 scrolls of fog
 n - a scroll of enchant weapon {unknown}
Potions
 g - a potion of lignification
Miscellaneous
 c - a piece from Xom's chessboard (15/15) (quivered)


   Skills:
 + Level 4.0 Fighting
 + Level 7.8 Short Blades
 - Level 1.3 Armour
 + Level 3.6 Dodging
 * Level 3.0 Stealth
 * Level 2.6 Spellcasting


You knew the following spells:

 Your Spells              Type           Power      Damage    Failure   Level
a - Shock                 Conj/Air       36%        1d5       10%         1
b - Ensorcelled Hibernat  Hex/Ice        18%        N/A       14%         2
c - Passwall              Tmut/Erth      7%         N/A       14%         2
Your spell library was empty.

Dungeon Overview and Level Annotations

Branches:
Dungeon (5/15)             Temple (0/1) D:4

Altars:
Okawaru
Xom
Lugonu

Shops:
D:1 ?

Portals:
Abyss: D:4

Annotations:
D:3 Ijyb


Innate Abilities, Weirdness & Mutations

You are immune to sickness and miasma.
You are immune to poison.
Your flesh is very heat resistant. (rF++)
You are vulnerable to cold. (rC-)
You float through the air rather than walking.
You learn spells naturally, not from books.
Your magical power is your life essence.
You have superior vitality. (+4 MHP)


Message History

The white imp hits you but does no damage.
The crimson imp blinks!
The crimson imp is attracted toward you.
Unknown command.
Unknown command.
You hit Prince Ribbit. Your punch misses Prince Ribbit.
Prince Ribbit is almost dead.
The quasit bites you but does no damage.
The quasit claws you but does no damage. x2
The iron imp hits you but does no damage.
The crimson imp is attracted toward you.
Unknown command.
Unknown command.
You strike the helpless Prince Ribbit from behind!
You impale Prince Ribbit!!
You kill Prince Ribbit!
Prince Ribbit returns to his original shape as he dies.
The white imp picks up a beetle and eats it.
The white imp hits you but does no damage.
You feel your dexterity returning.
Your Fighting skill increases to level 4!
Your Stealth skill increases to level 3!
You have reached level 8!
You feel clever.
Unknown command.
Unknown command.
Okay, then.
Unknown command.
It was a potion of cancellation.
Your magical effects are unravelling.
You feel magically purged.
Xom thinks this is hilarious!
You feel less wooden.
Your +3 leather armour unmelds from your body.
The quasit bites you but does no damage.
The quasit misses you.
The quasit claws you but does no damage.
The iron imp hits you.
You die... "What!?
That's it?"

...................
......................
>......................
........................
.........................
..........................
..........................
#..........55.<...........
....<.....†@5.§..§........
?..#.......§5.............
..........................
.........##.......$.......
........###...............
..###.....##..............
#.....................
#..##............. #..
##..........


You could see an iron imp (summoned), a quasit (summoned), a crimson imp
(summoned) and a white imp (summoned).

Vanquished Creatures
  Prince Ribbit (D:5)
  A sky beast (D:3)
  A phantom (D:4)
  A kobold brigand (D:4)
  A scorpion (D:5)
  An orc priest (D:4)
  A sleepcap (D:5)
  Jessica (D:2)
  An iguana (D:5)
  2 orc wizards (D:4)
  6 gnolls
  8 adders
  A worm (D:3)
  2 dart slugs
  8 orcs
  5 bats
  7 endoplasms
  4 giant cockroaches
  8 goblins
  6 hobgoblins
  4 jackals (D:1)
  A quokka (D:1)
  6 ball pythons
  4 frilled lizards
  8 kobolds
  3 rats
  A lurking horror (D:4)
93 creatures vanquished.

Vanquished Creatures (collateral kills)
  A frilled lizard (D:3)
1 creature vanquished.

Grand Total: 94 creatures vanquished

Notes
Turn   | Place    | Note
-------+----------+-------------------------------------------
     0 | D:1      | Jannitor the Djinni Chaos Knight began the quest for the
                  | Orb.
     0 | D:1      | Reached XP level 1. HP: 20/20 MP: 0/0
    34 | D:1      | XOM: potion effect (experience)
    34 | D:1      | Reached skill level 7 in Short Blades
    34 | D:1      | Reached XP level 2. HP: 25/25 MP: 0/0
    36 | D:1      | XOM: blink monster(s)
   213 | D:1      | XOM: smoke on damage
   216 | D:1      | Reached XP level 3. HP: 25/30 MP: 0/0
   216 | D:1      | Learned a level 1 spell: Shock
   269 | D:1      | Found Winoos's Magic Scroll Shoppe.
   380 | D:1      | XOM: 4-stop teleportation journey
   465 | D:1      | XOM: silly message
  1006 | D:2      | Noticed Jessica
  1023 | D:2      | Killed Jessica
  1024 | D:2      | Reached XP level 4. HP: 18/35 MP: 0/0
  1265 | D:2      | Reached XP level 5. HP: 39/40 MP: 0/0
  1265 | D:2      | Learned a level 2 spell: Ensorcelled Hibernation
  1288 | D:2      | Found a shimmering altar of Xom.
  1486 | D:3      | Noticed Ijyb
  1576 | D:4      | Found a staircase to the Ecumenical Temple.
  1654 | D:3      | XOM: silly message
  1683 | D:3      | XOM: silly message
  1821 | D:3      | Noticed a sky beast
  1825 | D:3      | XOM: summons friendly shadow imp
  1834 | D:3      | Killed a sky beast
  1835 | D:3      | Reached skill level 1 in Stealth
  1835 | D:3      | Reached skill level 1 in Spellcasting
  1835 | D:3      | Reached XP level 6. HP: 38/46 MP: 0/0
  1965 | D:3      | Found an iron altar of Okawaru.
  2273 | D:3      | XOM: swap monsters
  2342 | D:3      | XOM: summons 1 hostile demon
  2422 | D:3      | XOM: stat loss: -1 Str (10/11)
  2570 | D:4      | XOM: swap monsters
  2574 | D:4      | Reached XP level 7. HP: 41/50 MP: 0/0
  2574 | D:4      | Learned a level 2 spell: Passwall
  2782 | D:4      | XOM: butterfly on damage
  2970 | D:4      | Found a one-way gate to the infinite horrors of the Abyss.
  2970 | D:4      | Found a corrupted altar of Lugonu.
  3010 | D:4      | XOM: stat loss: -1 Str (10/11)
  3592 | D:5      | Entered Level 5 of the Dungeon
  3612 | D:5      | Noticed Prince Ribbit
  3620 | D:5      | XOM: confusion (+ monsters)
  3622 | D:5      | XOM: summons 4 hostile demons
  3636 | D:5      | Killed Prince Ribbit
  3637 | D:5      | Reached XP level 8. HP: 6/58 MP: 0/0
  3637 | D:5      | Slain by an iron imp

Illustrated notes

Levels and vault maps discovered:
D:1:      evilmike_arrival_rings, layout_loops_ring, serial_shops,
          nicolae_shop_advertising_works [nicolae_subvault_shop_adworks],
          kennysheep_flooded_box
D:2:      layout_loops_ring, basic_altar, st_stairs_3, uniq_jessica
D:3:      layout_basic, hellmonk_okawaru_the_only_friend_you_need, uniq_ijyb
D:4:      layout_rooms, minmay_temple_entry_statues_fountains, serial_aquarium,
          aquarium_bridge_straight [aquarium_subvault_bridge,
          aquarium_subvault_wall, aquarium_subvault_bridge,
          aquarium_subvault_wall], aquarium_window_2, aquarium_window_1,
          aquarium_view_2e, grunt_decor_mini_mirrors,
          amcnicky_altar_lugonu_corruption
D:5:      dreamdust_elfheim, layout_layer_cave, kennysheep_mini, chequers_jeans,
          uniq_blork_the_orc, uniq_prince_ribbit1, uniq_eustachio, uniq_pikel

Skill      XL: |  1  2  3  4  5  6  7 |
---------------+----------------------+-----
Short Blades   | 7 |  7.8
Stealth        | 1 3 |  3.0
Spellcasting   | 1 2 |  2.6
Dodging        | 3 |  3.6
Fighting       | 4 |  4.0
Armour         | |  1.3

Action                     |  1- 3 |  4- 6 |  7- 9 || total
---------------------------+-------+-------+-------++-------
  Melee: Short sword       |   109 |       |       ||   109
         Punch             |     1 |     2 |     1 ||     4
         Dagger            |       |   161 |    64 ||   225
   Cast: Shock             |     7 |       |     4 ||    11
    Use: Potion            |     1 |     1 |     5 ||     7
         Scroll            |       |     7 |       ||     7
   Stab: Sleeping          |       |     2 |     3 ||     5
         Confused          |       |     2 |     1 ||     3
 Armour: Leather armour    |    28 |    43 |    10 ||    81
         Skin              |       |       |    55 ||    55
  Dodge: Dodged            |    52 |    95 |    19 ||   166

Table legend: (Time is in decaauts)
 A = Elapsed time spent in this place.
 B = Non-inter-level travel time spent in this place.
 C = Inter-level travel time spent in this place.
 D = Time resting spent in this place.
 E = Time spent auto-exploring this place.
 F = Levels seen in this place.
 G = Mean time per level.
                   A        B        C        D        E       F      G
               +--------+--------+--------+--------+--------+-----+--------+
         Total |   3512 |   3352 |    160 |    445 |   2226 |   5 |  702.4 |
       Dungeon |   3512 |   3352 |    160 |    445 |   2226 |   5 |  702.4 |
               +--------+--------+--------+--------+--------+-----+--------+

Top non-repeatable levels by time:
     D:3: 1096 daAuts
     D:4: 916 daAuts
     D:1: 760 daAuts
     D:2: 700 daAuts
     D:5: 38 daAuts
